Map: Ulrena

Players

Gandisama

  • Race: Zerg Zerg
  • League: Gold

capac - Winner!

  • Race: Terran Terran
  • League: Gold

VOD

Have the link to the VOD?

Description

Time

  • Played on: March 6, 2016, 1:05 p.m.
  • Length: 9:57
Show
View Real Time Build Order
Export as new Build Order

Gandisama Zerg 

Build Orders: Pool First 

Get SALT Encoding   

  12  0:01  Drone  
  13  0:09  Drone  
  14  0:17  Extractor, Drone  
  15  0:34  Spawning Pool  
  14  0:39  Extractor  
  14  0:40  Drone  
  14  0:49  Overlord  
  14  1:18  Hatchery  
  13  1:22  Zergling x4  
  15  1:25  Zergling x2  
  16  1:45  Queen  
  18  1:47  Drone  
  19  1:59  Drone  
  19  2:00  Drone  
  21  2:06  Drone  
  22  2:17  Overlord  
  22  2:35  Zergling x4  
  24  2:51  Overlord  
  24  2:53  Drone x3  
  27  3:00  Roach Warren  
  27  3:04  Queen  
  28  3:10  Metabolic Boost  
  28  3:42  Roach x4  
  28  3:43  Roach  
  38  4:00  Roach x3  
  38  4:02  Overlord  
  44  4:06  Overlord  
  44  4:19  Overlord  
  44  4:23  Roach x2  
  48  4:26  Ravager x2  
  50  4:36  Ravager  
  51  4:49  Roach  
  51  4:51  Zergling x10  
  53  5:05  Roach x2  
  47  5:27  Roach x2  
  47  5:36  Roach  
  47  5:39  Zergling x12  
  47  5:40  Zergling x4  
  57  5:55  Extractor  
  57  5:56  Drone x2  
  58  6:03  Ravager  
  59  6:05  Overlord  
  59  6:19  Roach x2  
  50  6:36  Zergling x2  
  50  6:37  Zergling x12  
  52  6:47  Zergling x8  
  56  6:56  Lair  
  34  7:29  Drone x6  
  41  7:30  Drone x3  
  41  7:34  Roach  
  45  7:51  Roach x3  
  47  8:01  Overlord  
  47  8:02  Overlord  
  47  8:15  Extractor  
  47  8:17  Extractor  
  45  8:20  Overlord x2  
  45  8:24  Glial Reconstitution  
  45  8:28  Roach x3  
  51  8:46  Zergling x14  
  59  8:55  Ravager x2  
  59  8:56  Ravager x3  
  63  9:06  Roach x2  
  63  9:09  Roach  
  69  9:17  Drone  
  69  9:18  Drone x4  
  69  9:20  Drone  
  65  9:42  Drone x5  
  65  9:43  Drone x2  
Show
View Real Time Build Order
Export as new Build Order

capac Terran - Winner!

Build Orders: MMM Bio 

Get SALT Encoding   

  12  0:00  SCV  
  13  0:13  SCV  
  14  0:17  Supply Depot  
  14  0:25  SCV  
  15  0:39  SCV  
  15  0:41  Barracks  
  16  0:48  Refinery  
  16  0:51  SCV  
  17  1:03  SCV  
  18  1:15  SCV  
  19  1:27  SCV  
  21  1:40  Barracks Reactor  
  21  1:44  Command Center  
  19  1:53  Supply Depot  
  19  2:01  Command Center  
  19  2:02  SCV  
  20  2:09  Barracks  
  20  2:14  SCV  
  21  2:18  Marine x2  
  23  2:42  Orbital Command  
  23  2:43  Refinery  
  23  2:50  Marine x2  
  24  2:59  Barracks Tech Lab  
  24  3:10  Marine  
  24  3:11  Marine  
  26  3:16  Factory  
  26  3:21  SCV  
  26  3:25  SCV  
  28  3:28  Marine  
  29  3:46  Marine x2  
  29  3:47  Marine  
  31  3:59  Stimpack  
  31  4:01  Factory Tech Lab  
  31  4:03  Starport  
  31  4:19  Marine x3  
  31  4:21  SCV  
  31  4:23  Bunker  
  35  4:25  SCV  
  35  4:26  Siege Tank  
  39  4:41  Medivac  
  39  4:43  SCV x2  
  43  4:52  Supply Depot  
  43  4:55  SCV x2  
  38  5:12  Marine x3  
  31  5:30  Marine  
  31  5:33  Marine x2  
  31  5:34  Siege Tank  
  37  5:48  Marine  
  38  5:50  Barracks  
  38  5:51  Marine  
  38  5:55  Marine  
  40  5:59  Medivac  
  42  6:04  SCV  
  43  6:16  SCV  
  44  6:19  Siege Tank  
  46  6:42  Supply Depot  
  46  7:04  Marine x4, Siege Tank  
  51  7:22  Marine x3  
  54  7:37  Supply Depot  
  54  7:38  Supply Depot, Starport Reactor  
  54  7:40  Marine x3  
  57  7:44  Barracks  
  56  7:57  Marine  
  57  8:03  Marine x3  
  60  8:10  SCV  
  60  8:12  Orbital Command  
  61  8:15  Marine  
  62  8:21  Marine  
  62  8:22  Marine  
  62  8:23  Marine  
  62  8:25  Combat Shields  
  65  8:32  Engineering Bay  
  65  8:33  SCV  
  66  8:43  Marine x2  
  66  8:46  Barracks Reactor, SCV  
  66  8:47  Barracks Reactor  
  69  8:53  SCV  
  70  8:58  SCV  
  70  9:00  Siege Tank  
  74  9:08  Supply Depot  
  74  9:15  Marine x3  
  77  9:19  SCV  
  78  9:30  Marine x2, SCV  
  78  9:31  Marine x2  
  82  9:34  SCV  
Tags
 
Composition
MMM Bio
League
GoldGold
Matchup
TvZ
Opening
Pool First
Add a new tag
Caveats
  • Supply blocks, unpowered buildings, or Contaminate may cause inaccurate times.
  • Supply counts are checked every 10 seconds.